[Event "Schachfestival GM 2018"]
[Site "Lueneburg"]
[Date "2018.07.07"]
[Round "3"]
[White "Mirzoev, Azer"]
[Black "Kuberczyk, Christoph"]
[Result "1-0"]
[ECO "D45"]
[WhiteElo "2506"]
[BlackElo "2225"]
[Annotator "ChessBase"]
[PlyCount "107"]
[EventDate "2018.07.05"]
[EventType "tourn"]
[EventCountry "GER"]
[SourceTitle "playchess.com"]
[Source "ChessBase"]
[SourceQuality "1"]
[TimeControl "40/5400+30:1800+30"]

1. d4 d5 2. c4 e6 3. Nc3 c6 4. e3 Nf6 5. Nf3 Nbd7 6. b3 Bb4 7. Bd2 O-O 8. Be2 Qe7 9. O-O Rd8 10. Qc2 dxc4 11. bxc4 e5 12. h3 h6 13. Rfe1 Bd6 14. Bd3 Re8 15. Nh4 Qd8 16. Nf5 Bf8 17. Rad1 g6 18. Ng3 exd4 19. exd4 Rxe1+ 20. Rxe1 Bg7 21. Rd1 Nb6 22. Be3 Be6 23. Nce2 Qc7 24. Nf4 Bd7 25. Qc1 Be8 26. Nfe2 Kh7 27. Nf1 Rd8 28. Nh2 Nbd7 29. Nf3 Qa5 30. Qb1 Qb6 31. Qc2 Qa5 32. Rb1 b6 33. Bd2 Qa3 34. Bb4 Qa6 35. Be7 Rc8 36. Ng3 Qb7 37. Bd6 Rd8 38. h4 Nf8 39. c5 Nd5 40. h5 Qc8 41. Ne5 Nf4 42. Nxg6 fxg6 43. Bxf4 Bxd4 44. cxb6 axb6 45. Re1 Qd7 46. Ne4 Bf7 47. Nd6 Kg7 48. hxg6 Bxg6 49. Bf5 c5 50. Bxh6+ Kh8 51. Bxd7 Bxc2 52. Nf7+ Kh7 53. Nxd8 Kxh6 54. Bb5 1-0

[Event "Schachfestival GM 2018"]
[Site "Lueneburg"]
[Date "2018.07.07"]
[Round "3"]
[White "Reuker, Jari"]
[Black "Lubbe, Nikolas"]
[Result "1-0"]
[ECO "C95"]
[WhiteElo "2377"]
[BlackElo "2463"]
[Annotator "ChessBase"]
[PlyCount "147"]
[EventDate "2018.07.05"]
[EventType "tourn"]
[EventCountry "GER"]
[SourceTitle "playchess.com"]
[Source "ChessBase"]
[SourceQuality "1"]
[TimeControl "40/5400+30:1800+30"]

1. e4 e5 2. Nf3 Nc6 3. Bb5 a6 4. Ba4 Nf6 5. O-O Be7 6. Re1 b5 7. Bb3 d6 8. c3 O-O 9. h3 Nb8 10. d4 Nbd7 11. Nbd2 Bb7 12. Bc2 Re8 13. Nf1 Bf8 14. Ng3 g6 15. a4 c5 16. d5 c4 17. Bg5 Nc5 18. Qd2 Be7 19. Ra3 Nfd7 20. Be3 Qc7 21. Qe2 Nb6 22. axb5 axb5 23. Rxa8 Rxa8 24. Nh2 Ra2 25. Bb1 Ra1 26. Ng4 Bc8 27. Nh6+ Kf8 28. Rf1 Bh4 29. Kh2 Qe7 30. b4 Nca4 31. Qd2 Kg7 32. Ne2 Qd7 33. f4 Rxb1 34. Rxb1 Kxh6 35. fxe5+ Kg7 36. Bh6+ Kg8 37. Qf4 Qe7 38. g3 dxe5 39. Qxh4 Qxh4 40. gxh4 f5 41. Rf1 Kf7 42. Be3 f4 43. Bd2 Bd7 44. Ng1 Kf6 45. Nf3 Nc8 46. Re1 h6 47. Kg2 Be8 48. Nh2 Bd7 49. Ng4+ Bxg4 50. hxg4 Ke7 51. Kf3 Kd6 52. Ra1 Ncb6 53. Be1 Nc8 54. Ra3 Ncb6 55. Bf2 Nd7 56. Ba7 Kc7 57. g5 h5 58. Bc5 Kb7 59. Bd6 Kc8 60. Ke2 Kb7 61. Kd2 Kc8 62. Kc2 Kb7 63. Ra1 Kc8 64. Rf1 Nab6 65. Rd1 Kb7 66. Bc5 Na4 67. Be7 Kc7 68. d6+ Kc6 69. Bd8 Kb7 70. Rd5 Kc6 71. Bc7 Nab6 72. Bxb6 Kxb6 73. Rd1 Kc6 74. Ra1 {[%emt 0:00:25] Kd5} 1-0

[Event "Schachfestival GM 2018"]
[Site "Lueneburg"]
[Date "2018.07.07"]
[Round "3"]
[White "Winterberg, Lukas"]
[Black "Vorobiov, Evgeny E"]
[Result "0-1"]
[ECO "E11"]
[WhiteElo "2372"]
[BlackElo "2564"]
[Annotator "ChessBase"]
[PlyCount "106"]
[EventDate "2018.07.05"]
[EventType "tourn"]
[EventCountry "GER"]
[SourceTitle "playchess.com"]
[Source "ChessBase"]
[SourceQuality "1"]
[TimeControl "40/5400+30:1800+30"]

1. d4 Nf6 2. c4 e6 3. Nf3 Bb4+ 4. Nbd2 O-O 5. g3 d5 6. c5 b6 7. a3 Bxd2+ 8. Bxd2 bxc5 9. dxc5 a5 10. b4 axb4 11. axb4 Rxa1 12. Qxa1 Ne4 13. Bg2 Ba6 14. Nd4 Bc4 15. Qc1 Nxd2 16. Qxd2 Qd7 17. O-O Qa4 18. Qb2 Nc6 19. Nxc6 Qxc6 20. Rb1 Rb8 21. h4 h6 22. Qd2 Qa4 23. e4 c6 24. exd5 exd5 25. Qc3 Qa8 26. Bf1 Bxf1 27. Kxf1 Re8 28. Re1 Qa6+ 29. Kg2 Re2 30. Ra1 Qc8 31. Re1 d4 32. Qa1 d3 33. Rxe2 dxe2 34. f3 Qd7 35. Qe1 Qd3 36. Kf2 Kf8 37. Qxe2 Qd4+ 38. Kg2 Qxb4 39. Qd3 Qb2+ 40. Kh3 Qf6 41. Kg2 Ke7 42. f4 Qe6 43. Kf2 h5 44. Qa6 g6 45. Qb7+ Qd7 46. Qb4 Qd5 47. Qe1+ Kf6 48. Qc3+ Ke6 49. Qe3+ Kf5 50. Qe7 Qd2+ 51. Kf3 Qd3+ 52. Kf2 Kg4 53. Qxf7 Qc2+ 0-1

[Event "Schachfestival GM 2018"]
[Site "Lueneburg"]
[Date "2018.07.07"]
[Round "3"]
[White "Wachinger, Nikolas"]
[Black "Malakhatko, Vadim"]
[Result "1/2-1/2"]
[ECO "C07"]
[WhiteElo "2340"]
[BlackElo "2499"]
[Annotator "ChessBase"]
[PlyCount "118"]
[EventDate "2018.07.05"]
[EventType "tourn"]
[EventCountry "GER"]
[SourceTitle "playchess.com"]
[Source "ChessBase"]
[SourceQuality "1"]
[TimeControl "40/5400+30:1800+30"]

1. e4 e6 2. d4 d5 3. Nd2 c5 4. exd5 Qxd5 5. Ngf3 cxd4 6. Bc4 Qd8 7. O-O Nc6 8. Nb3 a6 9. Bf4 Bd6 10. Bxd6 Qxd6 11. Nbxd4 Nxd4 12. Qxd4 Qxd4 13. Nxd4 Bd7 14. f4 Rc8 15. Bb3 Ne7 16. Rad1 g6 17. Nf3 Nc6 18. Ng5 Rc7 19. Rd6 h6 20. Ne4 Ke7 21. Rfd1 Na5 22. c3 Bc6 23. R6d4 g5 24. Nd6 gxf4 25. Rxf4 Rh7 26. Bc2 Rg7 27. g3 b5 28. a4 Nb7 29. Nxb7 Rxb7 30. axb5 axb5 31. Be4 Bxe4 32. Rxe4 Rg5 33. Rb4 Rc7 34. Rdd4 Rcc5 35. c4 bxc4 36. Rbxc4 Rxc4 37. Rxc4 Rd5 38. Rh4 h5 39. Kf2 Kf6 40. Ke3 Kg5 41. b4 e5 42. Rc4 Rd1 43. Kf3 Rd2 44. h4+ Kf5 45. Ke3 Rg2 46. Kf3 Rb2 47. Ke3 Rb3+ 48. Kf2 f6 49. Kg2 Re3 50. Kf2 Rd3 51. Rc8 Rd4 52. Rh8 Ke4 53. Rxh5 f5 54. Rg5 Rxb4 55. h5 Rb6 56. Kg2 Rb2+ 57. Kg1 f4 58. gxf4 Kxf4 59. Rg8 Rb6 1/2-1/2

[Event "Schachfestival GM 2018"]
[Site "Lueneburg"]
[Date "2018.07.07"]
[Round "3"]
[White "Ewert, Hannes"]
[Black "Drozdowski, Kacper"]
[Result "0-1"]
[ECO "A41"]
[WhiteElo "2318"]
[BlackElo "2455"]
[Annotator "ChessBase"]
[PlyCount "112"]
[EventDate "2018.07.05"]
[EventType "tourn"]
[EventCountry "GER"]
[SourceTitle "playchess.com"]
[Source "ChessBase"]
[SourceQuality "1"]
[TimeControl "40/5400+30:1800+30"]

1. d4 d6 2. Nf3 Bg4 3. c4 Bxf3 4. exf3 Nf6 5. Nc3 Nbd7 6. Be3 c6 7. f4 g6 8. g3 Bg7 9. Bh3 e6 10. O-O O-O 11. Qc2 Qa5 12. Bg2 Ng4 13. Rab1 Qa6 14. Na4 Rac8 15. c5 b5 16. cxb6 axb6 17. Rfc1 b5 18. Nc3 Nb6 19. Qe2 Nxe3 20. fxe3 Nc4 21. a4 Qb6 22. Kh1 d5 23. axb5 cxb5 24. Ra1 Rc7 25. Ra2 Rfc8 26. Rca1 Bf8 27. Bf1 b4 28. Na4 Qc6 29. Qd3 Ra7 30. b3 Na3 31. Qd2 Rac7 32. Bd3 Qb7 33. Qe2 Rc1+ 34. Kg2 Qb8 35. Qd2 R1c6 36. Rd1 Nb5 37. Bxb5 Qxb5 38. Kf2 R8c7 39. Qe2 Qb8 40. Qd3 Qc8 41. Ke2 h5 42. Rad2 Be7 43. Kf3 Kg7 44. Kg2 h4 45. Qe2 Qh8 46. Rf1 Qh7 47. e4 dxe4 48. Qxe4 Rc1 49. Nc5 h3+ 50. Kf2 Rxf1+ 51. Kxf1 Qh5 52. Rc2 Qd1+ 53. Kf2 Ra7 54. Qe2 Qxd4+ 55. Qe3 Bxc5 56. Rxc5 Ra2+ 0-1

[Event "Schachfestival GM 2018"]
[Site "Lueneburg"]
[Date "2018.07.07"]
[Round "3"]
[White "Wenzel, Birger"]
[Black "Simantsev, Mikhail"]
[Result "0-1"]
[ECO "A40"]
[WhiteElo "2084"]
[BlackElo "2434"]
[Annotator "ChessBase"]
[PlyCount "94"]
[EventDate "2018.07.05"]
[EventType "tourn"]
[EventCountry "GER"]
[SourceTitle "playchess.com"]
[Source "ChessBase"]
[SourceQuality "1"]
[TimeControl "40/5400+30:1800+30"]

1. d4 Nf6 2. c4 e6 3. g3 c5 4. Nf3 cxd4 5. Nxd4 a6 6. Bg2 Qc7 7. Nd2 Be7 8. O-O O-O 9. b3 Nc6 10. N2f3 d6 11. Bb2 Bd7 12. Rc1 Rac8 13. a3 Qb8 14. b4 Rfd8 15. Nb3 Be8 16. e3 b5 17. cxb5 axb5 18. Qe2 d5 19. Rfd1 Ne4 20. Nfd2 Nd6 21. Qg4 Bf8 22. Nc5 Nc4 23. Nxc4 bxc4 24. Bf6 Ne5 25. Qg5 h6 26. Qxe5 gxf6 27. Qxf6 Bg7 28. Qh4 Qb6 29. e4 dxe4 30. Bxe4 c3 31. g4 Rd6 32. Qe7 Rcd8 33. Bc2 Bb5 34. Ne4 Rd4 35. h3 Bc6 36. Nf6+ Bxf6 37. Qxf6 Rd2 38. g5 hxg5 39. Qxg5+ Kf8 40. Qh6+ Ke7 41. Qg5+ Kf8 42. Qh6+ Ke8 43. Qf6 Qd4 44. Qxd4 R8xd4 45. Bb3 R4d3 46. Kf1 Bb5 47. a4 Rxd1+ 0-1

[Event "Schachfestival GM 2018"]
[Site "Lueneburg"]
[Date "2018.07.07"]
[Round "3"]
[White "Pubantz, Jan"]
[Black "Light, Bjarne"]
[Result "0-1"]
[ECO "A40"]
[WhiteElo "1997"]
[BlackElo "2177"]
[Annotator "NA"]
[PlyCount "108"]
[EventDate "2018.07.05"]
[EventType "tourn"]
[EventCountry "GER"]
[SourceTitle "playchess.com"]
[Source "ChessBase"]
[SourceQuality "1"]
[TimeControl "40/5400+30:1800+30"]

1. d4 e6 2. c4 b6 3. e4 Bb7 4. Nc3 Bb4 5. Bd3 f5 6. d5 fxe4 7. Bxe4 Nf6 8. Bf3 Bxc3+ 9. bxc3 e5 10. g3 O-O 11. Nh3 h6 12. O-O d6 13. Bg2 Ba6 14. f4 Bxc4 15. Re1 Nbd7 16. g4 Nh7 17. g5 hxg5 18. fxg5 g6 19. Be4 Kg7 20. Qg4 Rh8 21. Bxg6 Bxd5 22. Bf5 Nhf8 23. Nf2 Nc5 24. h4 Qe8 25. g6 Be6 26. h5 Bxf5 27. Qxf5 Qe6 28. Qg5 Nxg6 29. Ng4 Raf8 30. Qxg6+ Qxg6 31. hxg6 Kxg6 32. Be3 Rh4 33. Nf2 Na4 34. Rac1 Rc4 35. Bd2 Nc5 36. Re3 Rf5 37. Kg2 Ne6 38. Rg3+ Kf7 39. Rh1 Nf4+ 40. Kf1 Ke6 41. Rf3 Ra4 42. Nd3 Rxa2 43. Bxf4 Ra1+ 44. Kg2 Rxh1 45. Kxh1 exf4 46. Kg2 Kd5 47. Nxf4+ Kc4 48. Kg3 a5 49. Re3 Re5 50. Rf3 a4 51. Nd3 Re2 52. Nc1 Rc2 53. Nd3 a3 54. Ne1 Rxc3 0-1